Workbook

Sheet Fiche
A1: Fiche technique
A2: Nom | B2: CRÈME CARAMEL
A3: Code | B3: GRO_CDC_244
A4: Classe | B4: Pâtisserie collectivité (GRO.DESSERTS)
A5: Statut | B5: publie
A6: Verrouillée | B6: Non
A7: Source bibliographique | B7: La Cuisine de Collectivité (BPI.CDC)
A8: Provenance
A10: Quantité de référence | B10: 100 pc
A11: Coût de revient H.T. (qt de référence) | B11: 47.7705
A12: Coût unitaire H.T. | B12: 0.477705
A14: Quantité demandée pour cet export | B14: 100 pc
A15: Coût de revient total H.T. pour cette quantité | B15: 47.7705
A17: Export généré le | B17: 03/10/2026 23:46
B18: CUIS.web — Portage du CUIS Clipper de 1992 par Palika & Bernard Vandendaele (créateur du moteur récursif d'origine)

Sheet Besoins
A1: Besoins matière
A2: Multiplicateur souhaité | B2: 1
A3: Quantité de référence | B3: 100 | C3: pc
A4: Quantité obtenue | B4: =$B$2*B3 -> 100 | C4: =C3 -> pc
A6: Code | B6: Matière première | C6: Classe | D6: Base (×1, modifiable) | E6: Quantité | F6: Unité | G6: Coût H.T.
A7: 00000047 | B7: OEUF A3 (PRIX) | C7: Produits laitiers | D7: 72.727273 | E7: =D7*$B$2 -> 72.727273 | F7: pc | G7: =E7*0.269999999 -> 19.636364
A8: EAU | B8: Eau (robinet - moy. France 2026) | C8: Matières premières | D8: 0.454545 | E8: =D8*$B$2 -> 0.454545 | F8: lt | G8: =E8*0.0043000043 -> 0.001955
A9: EXTRAIT-VANILLE | B9: Extrait de vanille alcoolisé | C9: Spiritueux et liqueurs cuisine | D9: 0.1 | E9: =D9*$B$2 -> 0.1 | F9: lt | G9: =E9*32 -> 3.2
A10: GLU-DE40 | B10: Glucose DE40 sirop standard | C10: Glucoses et sucres techniques | D10: 0.056818 | E10: =D10*$B$2 -> 0.056818 | F10: kg | G10: =E10*1.80000576 -> 0.102273
A11: RNM57224469 | B11: LAIT UHT demi écrémé France outre 10 litres | C11: Produits laitiers et œufs | D11: 14 | E11: =D11*$B$2 -> 14 | F11: lt | G11: =E11*1.67 -> 23.38
A12: SUC-BLANC | B12: Sucre blanc cristal sac 25 kg | C12: Sucres et édulcorants | D12: 1.768182 | E12: =D12*$B$2 -> 1.768182 | F12: kg | G12: =E12*0.8199999157 -> 1.449909
F13: Total | G13: =SUM(G7:G12) -> 0

Sheet Composition
A1: Niveau | B1: Composant | C1: Type | D1: Quantité (pour 100 pc) | E1: Unité | F1: Classe
A2: 0 | B2: CRÈME CARAMEL | C2: recette | D2: 100 | E2: pc | F2: Pâtisserie collectivité
A3: 1 | B3: ↳ LAIT UHT demi écrémé France outre 10 litres | C3: matiere | D3: 14 | E3: lt | F3: Produits laitiers et œufs
A4: 1 | B4: ↳ OEUF (ml) | C4: recette | D4: 4 | E4: lt | F4: Conversions oeufs et ovoproduits
A5: 2 | B5: ↳ OEUF A3 (PRIX) | C5: matiere | D5: 72.727 | E5: pc | F5: Produits laitiers
A6: 1 | B6: ↳ Sucre blanc cristal sac 25 kg | C6: matiere | D6: 1.2 | E6: kg | F6: Sucres et édulcorants
A7: 1 | B7: ↳ Extrait de vanille alcoolisé | C7: matiere | D7: 0.1 | E7: lt | F7: Spiritueux et liqueurs cuisine
A8: 1 | B8: ↳ CARAMEL LIQUIDE | C8: recette | D8: 0.75 | E8: lt | F8: Préparations de base collectivité
A9: 2 | B9: ↳ Sucre blanc cristal sac 25 kg | C9: matiere | D9: 0.568 | E9: kg | F9: Sucres et édulcorants
A10: 2 | B10: ↳ Glucose DE40 sirop standard | C10: matiere | D10: 0.057 | E10: kg | F10: Glucoses et sucres techniques
A11: 2 | B11: ↳ Eau (robinet - moy. France 2026) | C11: matiere | D11: 0.227 | E11: lt | F11: Matières premières
A12: 2 | B12: ↳ Eau (robinet - moy. France 2026) | C12: matiere | D12: 0.227 | E12: lt | F12: Matières premières

Sheet Procedure
A1: Recette | B1: # | C1: Verbe | D1: Étape | E1: Précision technique | F1: Durée
A2: CRÈME CARAMEL | B2: 1 | D2: Mise en place du poste de travail — Vérifier les D.L.C., peser les denrées, sélectionner le matériel nécessaire. Laver et désinfecter le matériel et le poste de travail en suivant les protocoles.
A3: CRÈME CARAMEL | B3: 2 | D3: Préparations préliminaires — Chemiser 4 bacs GN 1/1 H 65 de caramel liquide (Fiche 226).
A4: CRÈME CARAMEL | B4: 3 | D4: Préparer l'appareil — Porter à ébullition le lait parfumé à la vanille. Pendant ce temps, au batteur, blanchir les œufs et le sucre au fouet. Verser le lait bouillant sur le mélange ; mélanger.
A5: CRÈME CARAMEL | B5: 4 | D5: Garnir — Passer l'appareil au chinois au-dessus des bacs caramélisés, environ 4,7 L par bac.
A6: CRÈME CARAMEL | B6: 5 | D6: Cuire — Préchauffer en chaleur sèche à + 150 / 160 °C ; étager et cuire 30 à 35 minutes. Contrôler par sondage (lame sans trace). Ne pas trop cuire : des bulles de caramel monteraient et la crème durcirait. Respecter la procédure de fin de cuisson.
A7: CRÈME CARAMEL | B7: 6 | D7: Refroidir — En cellule de refroidissement rapide suivant la procédure ; filmer ou couvrir ; étiqueter (date, produit) ; stocker à + 3 °C.
A8: CRÈME CARAMEL | B8: 7 | D8: Servir — Détailler 24 portions par bac (4 × 6) ; servir à la spatule carrée et napper du caramel resté au fond du bac.
A9: CRÈME CARAMEL | B9: 8 | D9: Suggestions — Parfumer le lait avant ébullition : 3 bâtons de réglisse, 12 graines de cardamome, 100 g de grains de chicorée torréfiés, des alcools divers.
A10: CARAMEL LIQUIDE | B10: 1 | D10: Mise en place du poste de travail — Vérifier les D.L.C., peser les denrées, sélectionner le matériel nécessaire. Laver et désinfecter le matériel et le poste de travail en suivant les protocoles.
A11: CARAMEL LIQUIDE | B11: 2 | D11: Préparations préliminaires — Rincer au vinaigre la russe qui servira à la cuisson du sucre. Égoutter sans essuyer.
A12: CARAMEL LIQUIDE | B12: 3 | D12: Cuire le sucre — Sur la balance, faire la tare de la russe. Peser ou mesurer dans l'ordre : 1 litre d'eau, le glucose et le sucre. Il est préférable de mettre l'eau en premier pour éviter que le sucre ne colle au fond. Faire dissoudre le sucre en le remuant avant de le mettre en cuisson. Porter à ébullition. Clarifier le sirop en écumant sa surface. Pendant la cuisson, préparer 1 litre d'eau tiède à portée de main. Atteindre +170°C au thermomètre à sucre. Retirer du feu et laisser le sucre finir de cuire. Atteindre +180°C et une coloration brun foncé. Surveiller la coloration, le point de rupture peut arriver rapidement.
A13: CARAMEL LIQUIDE | B13: 4 | D13: Décuire le caramel — Ajouter progressivement le litre d'eau tiède au caramel. Faire attention aux éclaboussures. Le caramel peut se solidifier en partie au contact de l'eau. Reporter à ébullition pour le liquéfier.
... A15: CARAMEL LIQUIDE | B15: 6 | D15: Suggestions — Le caramel liquide est employé pour caraméliser le fond des moules, en nappage, en ajout à des crèmes.

Sheet Carte imprimable
A1: Fiche technique — CRÈME CARAMEL
A2: ="GRO_CDC_244 · GRO.DESSERTS · référence : "&Besoins!B3&" "&Besoins!C3&" · multiplicateur réglable sur la feuille ""Besoins""" -> GRO_CDC_244 · GRO.DESSERTS · référence : 100 pc · multiplicateur réglable sur la feuille
A4: CRÈME CARAMEL GRO_CDC_244
A5: 1. | B5: =Procedure!D2 -> Mise en place du poste de travail — Vérifier les D.L.C., peser les denrées, sélectionner le matériel nécessaire. Laver et désinfecter le matériel et le poste de travail en suivant les protocoles.
A6: 2. | B6: =Procedure!D3 -> Préparations préliminaires — Chemiser 4 bacs GN 1/1 H 65 de caramel liquide (Fiche 226).
B7: CARAMEL LIQUIDE | C7: ='Besoins'!$B$2*0.75 -> 0.75 | D7: lt
A8: 3. | B8: =Procedure!D4 -> Préparer l'appareil — Porter à ébullition le lait parfumé à la vanille. Pendant ce temps, au batteur, blanchir les œufs et le sucre au fouet. Verser le lait bouillant sur le mélange ; mélanger.
B9: =Besoins!B11 -> LAIT UHT demi écrémé France outre 10 litres | C9: =Besoins!E11 -> 14 | D9: =Besoins!F11 -> lt
B10: OEUF (ml) (conv.) | C10: ='Besoins'!$B$2*4 -> 4 | D10: lt
B11: Sucre blanc cristal sac 25 kg | C11: ='Besoins'!$B$2*1.2 -> 1.2 | D11: kg
B12: =Besoins!B9 -> Extrait de vanille alcoolisé | C12: =Besoins!E9 -> 0.1 | D12: =Besoins!F9 -> lt
A13: 4. | B13: =Procedure!D5 -> Garnir — Passer l'appareil au chinois au-dessus des bacs caramélisés, environ 4,7 L par bac.
A14: 5. | B14: =Procedure!D6 -> Cuire — Préchauffer en chaleur sèche à + 150 / 160 °C ; étager et cuire 30 à 35 minutes. Contrôler par sondage (lame sans trace). Ne pas trop cuire : des bulles de caramel monteraient et la crème durcirait. Respecter la procédure de fin de cuisson.
A15: 6. | B15: =Procedure!D7 -> Refroidir — En cellule de refroidissement rapide suivant la procédure ; filmer ou couvrir ; étiqueter (date, produit) ; stocker à + 3 °C.
A16: 7. | B16: =Procedure!D8 -> Servir — Détailler 24 portions par bac (4 × 6) ; servir à la spatule carrée et napper du caramel resté au fond du bac.
A17: 8. | B17: =Procedure!D9 -> Suggestions — Parfumer le lait avant ébullition : 3 bâtons de réglisse, 12 graines de cardamome, 100 g de grains de chicorée torréfiés, des alcools divers.
A19: ↳ CARAMEL LIQUIDE GRO_CDC_226
A20: 1. | B20: =Procedure!D10 -> Mise en place du poste de travail — Vérifier les D.L.C., peser les denrées, sélectionner le matériel nécessaire. Laver et désinfecter le matériel et le poste de travail en suivant les protocoles.
A21: 2. | B21: =Procedure!D11 -> Préparations préliminaires — Rincer au vinaigre la russe qui servira à la cuisson du sucre. Égoutter sans essuyer.
A22: 3. | B22: =Procedure!D12 -> Cuire le sucre — Sur la balance, faire la tare de la russe. Peser ou mesurer dans l'ordre : 1 litre d'eau, le glucose et le sucre. Il est préférable de mettre l'eau en premier pour éviter que le sucre ne colle au fond. Faire dissoudre le sucre en le remuant avant de le mettre en cuisson. Porter à ébullition. Clarifier le sirop en écumant sa surface. Pendant la cuisson, préparer 1 litre d'eau tiède à portée de main. Atteindre +170°C au thermomètre à sucre. Retirer du feu et laisser le sucre finir de cuire. Atteindre +180°C et une coloration brun foncé. Surveiller la coloration, le point de rupture peut arriver rapidement.
B23: Sucre blanc cristal sac 25 kg | C23: ='Besoins'!$B$2*0.5681818182 -> 0.568182 | D23: kg
B24: =Besoins!B10 -> Glucose DE40 sirop standard | C24: =Besoins!E10 -> 0.056818 | D24: =Besoins!F10 -> kg
B25: Eau (robinet - moy. France 2026) | C25: ='Besoins'!$B$2*0.2272727273 -> 0.227273 | D25: lt
A26: 4. | B26: =Procedure!D13 -> Décuire le caramel — Ajouter progressivement le litre d'eau tiède au caramel. Faire attention aux éclaboussures. Le caramel peut se solidifier en partie au contact de l'eau. Reporter à ébullition pour le liquéfier.
B27: Eau (robinet - moy. France 2026) | C27: ='Besoins'!$B$2*0.2272727273 -> 0.227273 | D27: lt
A28: 5. | B28: =Procedure!D14 -> Terminer la préparation — Verser le caramel liquide dans un récipient de stockage. Filmer, indiquer la date de fabrication. Laisser refroidir et stocker au froid. Au froid, le caramel peut s'épaissir : le dégourdir au bain-marie avant utilisation.
A29: 6. | B29: =Procedure!D15 -> Suggestions — Le caramel liquide est employé pour caraméliser le fond des moules, en nappage, en ajout à des crèmes.
A31: CUIS.web — Portage du CUIS Clipper de 1992 par Palika & Bernard Vandendaele (créateur du moteur récursif d'origine)
